 Dungeon Crawl Stone Soup version 0.20.0-1-g1cb1d84 (webtiles) character file.

465 skittles the Firebug (level 6, -12/45 HPs)
             Began as a Draconian Fire Elementalist on May 26, 2017.
             Was an Initiate of Vehumet.
             Mangled by Nordron's ghost (20 damage)
             ... on level 4 of the Dungeon.
             The game lasted 00:09:59 (4330 turns).

skittles the Firebug (Draconian Fire Elementalist)  Turns: 4330, Time: 00:09:59

Health: -12/45     AC:  7    Str: 11    XL:     6   Next: 80%
Magic:  6/9        EV: 12    Int: 17    God:    Vehumet [......]
Gold:   248        SH:  0    Dex: 11    Spells: 1/9 levels left

rFire    . . .     SeeInvis .   u - +0 rapier
rCold    . . .     Gourm    .   (no shield)
rNeg     . . .     Faith    .   (armour unavailable)
rPois    .         Spirit   .   (helmet restricted)
rElec    .         Reflect  .   (no cloak)
rCorr    .         Harm     .   m - +0 pair of gloves
MR       .....                  (no boots)
Stlth    ++........             (no amulet)
Regen    0.2/turn               (no ring)
MPRegen  0.2/turn               (no ring)

@: no status effects
A: unfitting armour, cold-blooded, AC +6
a: Renounce Religion


You were on level 4 of the Dungeon.
You worshipped Vehumet.
Vehumet was noncommittal.
You were not hungry.

You visited 2 branches of the dungeon, and saw 5 of its levels.

You collected 248 gold pieces.

Inventory:

Hand Weapons
 u - a +0 rapier (weapon)
Armour
 m - a +0 pair of gloves (worn)
 s - a +0 shield
Wands
 t - a wand of random effects (9/48)
Scrolls
 d - 3 scrolls of remove curse {unknown}
 f - 2 scrolls of teleportation {unknown}
 h - a scroll of recharging {unknown}
 i - 2 scrolls of identify {unknown}
 n - a scroll of magic mapping {unknown}
 p - a scroll of fear {unknown}
 r - a scroll of amnesia {unknown}
 x - a scroll of fog {unknown}
 y - a scroll of blinking {unknown}
Potions
 c - a potion of agility {unknown}
 e - a potion of flight {unknown}
 g - 2 potions of magic {unknown}
 j - 2 potions of lignification {unknown}
 k - 3 potions of curing {unknown}
 o - a potion of heal wounds {unknown}
 v - 2 potions of mutation {unknown}
Books
 a - a book of Flames

   Spells                             Type                      Level
   a - Flame Tongue                   Conjuration/Fire             1
   b - Throw Flame                    Conjuration/Fire             2
   c - Conjure Flame                  Conjuration/Fire             3
   d - Inner Flame                    Hexes/Fire                   3
   e - Sticky Flame                   Conjuration/Fire             4
   f - Fireball                       Conjuration/Fire             5
Comestibles
 b - 4 bread rations
 l - 2 royal jellies
 q - 2 fruits


   Skills:
 - Level 1.7 Dodging
 - Level 1.7 Stealth
 - Level 2.0 Spellcasting
 + Level 5.1 Conjurations
 + Level 5.7 Fire Magic


You had one spell level left.
You knew the following spells:

 Your Spells              Type           Power        Failure   Level  Hunger
a - Flame Tongue          Conj/Fire      ###..        1%          1    #......
b - Conjure Flame         Conj/Fire      ###.....     6%          3    ###....
c - Sticky Flame          Conj/Fire      ###.....     21%         4    #####..


Dungeon Overview and Level Annotations

Branches:
Dungeon (4/15)             Temple (1/1) D:4

Altars:
Ashenzari
Cheibriados
Dithmenos
Elyvilon
Fedhas
Gozag
Kikubaaqudgha
Makhleb
Nemelex Xobeh
Ru
Sif Muna
Trog
Uskayaw
Vehumet
Xom
Yredelemnul
Zin
The Shining One

Annotations:
D:4 Nordron's ghost, novice GrFi


Innate Abilities, Weirdness & Mutations

Your plain brown scales are hard. (AC +6)
You cannot fit into any form of body armour.
You are cold-blooded and may be slowed by cold attacks.


Message History

Press: ? - help, Shift-Dir - straight line, f/p - Nordron's ghost
Aim: Nordron's ghost (steam, lightly damaged)
The flame tongue hits Nordron's ghost.
Nordron's ghost appears unharmed.
Nordron's ghost is lightly damaged.
Nordron's ghost is engulfed in a cloud of scalding steam.
Nordron's ghost hits you!! The frilled lizard misses you.
Casting: Flame Tongue
Confirm with . or Enter, or press ? or * to list all spells.
Aiming: Flame Tongue
Press: ? - help, Shift-Dir - straight line, f/p - Nordron's ghost
Aim: Nordron's ghost (steam, moderately damaged)
The flame tongue hits Nordron's ghost.
Nordron's ghost is moderately damaged.
Nordron's ghost is engulfed in a cloud of scalding steam.
Nordron's ghost hits you!
* * * LOW HITPOINT WARNING * * *
The frilled lizard barely misses you.
Nordron's ghost is engulfed in a cloud of scalding steam.
Nordron's ghost hits you!!
You die...

#....# #.#.###....#..#..........
#....####.#...........#.#.######.
#....+................#.#.# #.
#....####..#..#....##.#.#.# #.
#....####..#..#..#......#.######.
#......##......≈≈≈..............<
..............≈≈§§≈...>.#........
##.........##≈§≈§§§≈##.##########
####......##≈§§@≈§§........ #
#.'......##≈÷§lW≈≈.#.##.# #
#.#.........≈§§)≈.......# #
#.#......#...§≈≈........#### #
#.#####..#..............'... .
#.# #.................## . #†#
#..#########...### # #.# #..8
#...# #.# #. #...#.#


You could see Nordron's ghost and a frilled lizard.

Vanquished Creatures
  Duvessa (D:4)
  Dowan (D:4)
  An orc priest (D:3)
  3 worker ants (D:4)
  A hound skeleton (D:3)
  2 gnolls (D:4)
  5 adders
  2 oozes
  3 worms
  4 dart slugs
  3 leopard geckos
  7 orcs
  4 giant cockroaches
  12 goblins
  9 hobgoblins
  7 jackals
  12 kobolds
  2 quokkas (D:3)
  2 ball pythons
  10 bats
  3 frilled lizards
  8 rats
102 creatures vanquished.

Notes
Turn   | Place    | Note
-------+----------+-------------------------------------------
     0 | D:1      | skittles the Draconian Fire Elementalist began the quest for the Orb.
     0 | D:1      | Reached XP level 1. HP: 14/14 MP: 3/3
   119 | D:1      | Reached XP level 2. HP: 16/20 MP: 5/5
   650 | D:1      | Found a glowing golden altar of the Shining One.
   783 | D:1      | Reached XP level 3. HP: 25/26 MP: 3/6
   827 | D:1      | Learned a level 3 spell: Conjure Flame
  1431 | D:2      | Reached XP level 4. HP: 21/33 MP: 4/7
  1739 | D:2      | Found a deep blue altar of Sif Muna.
  2183 | D:3      | Reached XP level 5. HP: 14/38 MP: 0/8
  2853 | D:3      | Found a white marble altar of Elyvilon.
  3002 | D:4      | Noticed Nordron's ghost (novice GrFi)
  3025 | D:3      | HP: 1/38 [hobgoblin (3)]
  3461 | D:3      | Learned a level 4 spell: Sticky Flame
  3731 | D:4      | Noticed Duvessa
  3731 | D:4      | Noticed Dowan
  3739 | D:4      | Killed Duvessa
  3739 | D:4      | Reached skill level 5 in Fire Magic
  3739 | D:4      | Reached XP level 6. HP: 37/45 MP: 2/9
  3756 | D:4      | Killed Dowan
  3893 | D:4      | Reached skill level 5 in Conjurations
  3895 | D:4      | Found a staircase to the Ecumenical Temple.
  3905 | Temple   | Entered the Ecumenical Temple
  4000 | Temple   | Became a worshipper of Vehumet
  4330 | D:4      | Mangled by Nordron's ghost

Skill      XL: |  1  2  3  4  5  6 |
---------------+-------------------+-----
Conjurations   | 2 3 4 5 |  5.1
Fire Magic     | 4 5 |  5.7
Dodging        | |  1.7
Stealth        | |  1.7
Spellcasting   | |  2.0

Action                   |  1- 3 |  4- 6 || total
-------------------------+-------+-------++-------
Melee: Short sword       |   102 |    84 ||   186
       Tailslap          |     4 |    13 ||    17
       Rapier            |       |    71 ||    71
 Cast: Flame Tongue      |    28 |    65 ||    93
       Sticky Flame      |       |     1 ||     1
 Stab: Sleeping          |     3 |     4 ||     7
  Eat: Chunk             |     2 |     9 ||    11
       Fruit             |       |     2 ||     2
Armor: Skin              |    48 |    73 ||   121
Dodge: Dodged            |    92 |   133 ||   225
